 Dungeon Crawl Stone Soup version 0.31-a0-175-g9f7f995f2b (webtiles) character file.

Game seed: 17290552371484404595

14 qw the Shooter (level 2, 0/17 HPs)
             Began as a Gargoyle Hunter on June 17, 2023.
             Slain by Natasha (2 damage)
             ... on level 2 of the Dungeon.
             The game lasted 00:00:15 (1038 turns).

qw the Shooter (Gargoyle Hunter)                    Turns: 1038, Time: 00:00:15

Health: 0/17       AC:  5    Str: 14    XL:     2   Next: 41%
Magic:  2/2        EV: 11    Int:  9    God:
Gold:   43         SH:  0    Dex: 13    Spells: 1/1 levels left

rFire   . . .        Y - +0 shortbow
rCold   . . .        (shield currently unavailable)
rNeg    + . .        c - +0 leather armour
rPois   inf          (no helmet)
rElec   +            (no cloak)
rCorr   .            (no gloves)
SInv    .            (no boots)
Will    .....        (no amulet)
Stlth   +            (no ring)
HPRegen 0.22/turn    (no ring)
MPRegen 0.08/turn

%: no passive effects
@: no status effects
A: sickness immunity, AC +2, negative energy resistance 1, electricity
resistance, torment resistance 1, petrification resistance
a: no special abilities


You were on level 2 of the Dungeon.
You visited 1 branch of the dungeon, and saw 2 of its levels.

You collected 43 gold pieces.


Innate Abilities, Weirdness & Mutations

You are immune to sickness and miasma.
Your stone body is resilient. (AC +2)
You are immune to poison.
You resist negative energy. (rN+)
You are resistant to electric shocks. (rElec)
You are resistant to unholy torment.
You are immune to petrification.


   Skills:
 - Level 2.1 Fighting
 + Level 4.6 Ranged Weapons
 - Level 1.5 Dodging
 - Level 1.1 Stealth


You had one spell level left.
You didn't know any spells.
Your spell library was empty.

Inventory:

Hand Weapons
 Y - a +0 shortbow (weapon)
Armour
 c - a +0 leather armour (worn)
Scrolls
 a - a scroll of identify
Potions
 b - a potion of degeneration {unknown}
 f - a potion of mutation {unknown}
 g - 4 potions of heal wounds {unknown}

Dungeon Overview and Level Annotations

Branches:
Dungeon (2/15)

Altars:

Annotations:
D:2 Natasha


Message History

The arrow hits the cerulean imp but does no damage.
The cerulean imp is lightly wounded.
The cerulean imp barely misses you. x2
You shoot an arrow. The arrow hits the cerulean imp.
The cerulean imp is severely wounded.
The cerulean imp hits you but does no damage.
You shoot an arrow.
The arrow closely misses the cerulean imp.
The arrow hits Natasha.
Natasha is almost dead.
The cerulean imp barely misses you.
You shoot an arrow. The arrow misses the cerulean imp.
The arrow hits Natasha but does no damage.
Natasha is almost dead.
The cerulean imp hits you from afar with a +1 spear.
You shoot an arrow.
The arrow closely misses the cerulean imp.
The arrow closely misses Natasha.
The arrow barely misses the cerulean imp. x2
The cerulean imp hits you but does no damage.
You shoot an arrow.
The arrow completely misses the cerulean imp.
The arrow barely misses Natasha.
The arrow misses the cerulean imp.
The arrow barely misses the cerulean imp.
The cerulean imp disappears in a puff of smoke!
You shoot an arrow. The arrow barely misses Natasha.
The arrow closely misses the cerulean imp.
The arrow misses the cerulean imp.
Natasha claws you! The cerulean imp closely misses you.
You shoot an arrow.
The arrow hits Natasha but does no damage.
Natasha is almost dead.
Natasha claws you.
The cerulean imp hits you but does no damage.
You shoot an arrow. The arrow closely misses Natasha.
The arrow closely misses the cerulean imp.
The arrow hits the cerulean imp.
The cerulean imp is moderately wounded.
Natasha claws you.
You die...

#####
.#######...#
....55h@...#
########...#
##.## #.#
#.# #.# #.#
#.# #.#


You could see Natasha and 2 cerulean imps.

Vanquished Creatures
  3 ball pythons (D:1)
  3 bats
  3 endoplasms
  2 hobgoblins (D:1)
  A kobold (D:2)
  A rat (D:1)
13 creatures vanquished.

Notes
Turn   | Place    | Note
-------+----------+-------------------------------------------
     0 | D:1      | qw the Gargoyle Hunter began the quest for the Orb.
     0 | D:1      | Reached XP level 1. HP: 12/12 MP: 1/1
     0 | D:1      | 0 ||| qw: Version: 0.3-a-3-g30531e4
     0 | D:1      | 0 ||| qw: Game counter: 414
     0 | D:1      | 0 ||| qw: Always use a shield: true
     0 | D:1      | 0 ||| qw: God list: Okawaru
     0 | D:1      | 0 ||| qw: Allow faded altars: false
     0 | D:1      | 0 ||| qw: Do Orc after D:15 true
     0 | D:1      | 0 ||| qw: Do second Lair branch before Depths: true
     0 | D:1      | 0 ||| qw: Lair rune preference: random
     0 | D:1      | 0 ||| qw: Plans: Normal, Zot:1-4, Slime:5, God:TSO, Crypt,
                  | Tomb, Abyss, Pan, Hells, Win
     0 | D:1      | 0 ||| PLANNING D:1-11
   243 | D:1      | Reached XP level 2. HP: 17/17 MP: 2/2
   860 | D:1      | 860 ||| READING scroll labelled FUISUMNUIKO.
   861 | D:1      | 861 ||| READING scroll labelled QYPSUXUMOTS.
   862 | D:1      | 862 ||| READING scroll labelled TIREABB UGGE.
   863 | D:1      | 863 ||| READING scroll labelled LUMIWACIER.
   864 | D:1      | 864 ||| DROPPING scroll of butterflies.
  1017 | D:2      | Noticed Natasha
  1037 | D:2      | HP: 1/17 [Natasha (6)]
  1038 | D:2      | Slain by Natasha

Levels and vault maps discovered:
D:1:      heliophobic_arrival_henge, layout_loops_corners, serial_forest,
          infiniplex_forest_clump_double, infiniplex_forest_straight_1,
          infiniplex_forest_clump_small, infiniplex_forest_lined_corner,
          infiniplex_forest_pool, infiniplex_forest_lined_corner
D:2:      layout_loops_cross, nicolae_grassy_gnolls, uniq_natasha

Action                     || total
---------------------------++-------
   Fire: Shortbow          ||    56
    Use: Scroll            ||     4
 Armour: Leather armour    ||     7
  Dodge: Dodged            ||    13

Table legend:
 A = Non-vault XP
 B = Vault XP
 C = Vault XP percentage of total XP
 D = Non-vault monster count
 E = Vault monster count
 F = Vault count percentage of total count
                 A         B        C        D         E       F
            +---------+---------+-------+---------+---------+-------
      Total |      20 |       0 |   0.0 |      13 |       0 |   0.0
            +---------+---------+-------+---------+---------+-------
        D:1 |      14 |       0 |   0.0 |       9 |       0 |   0.0
        D:2 |       6 |       0 |   0.0 |       4 |       0 |   0.0
            +---------+---------+-------+---------+---------+-------
